 Dungeon Crawl Stone Soup version 0.18.1-48-g4cf74bf (webtiles) character file.

84 Lovchig the Shield-Bearer (level 4, -3/42 HPs)
             Began as a Deep Dwarf Fighter on Sept 9, 2016.
             Slain by an iguana (9 damage)
             ... on level 3 of the Dungeon.
             The game lasted 00:05:05 (1720 turns).

Lovchig the Shield-Bearer (Deep Dwarf Fighter)      Turns: 1720, Time: 00:05:06

Health: -3/42      AC:  7    Str: 20    XL:     4   Next: 23%
Magic:  4/4        EV: 11    Int:  9    God:
Gold:   79         SH:  9    Dex: 12    Spells: 0 memorised, 3 levels left

rFire  . . .     SeeInvis .     a - +0 war axe
rCold  . . .     Gourm    .     b - +0 scale mail
rNeg   . . .     Faith    .     c - +0 shield
rPois  .         Spirit   .     (no helmet)
rElec  .         Dismiss  .     (no cloak)
rCorr  .         Reflect  .     (no gloves)
SustAt .         Harm     .     (no boots)
MR     .....                    (no amulet)
Stlth  ..........               (no ring)
                                g - +3 ring of evasion

@: non-regenerating, not resistant to hostile enchantments, extremely unstealthy
A: damage resistance, recharge devices, sense surroundings 1, slow regeneration
3
a: Device Recharging


You were on level 3 of the Dungeon.
You were not hungry.

You visited 1 branch of the dungeon, and saw 3 of its levels.

You collected 79 gold pieces.

Inventory:

Hand Weapons
 a - a +0 war axe (weapon)
Armour
 b - a +0 scale mail (worn)
 c - a +0 shield (worn)
Jewellery
 g - a +3 ring of evasion (left hand)
Wands
 e - a wand of heal wounds (4/9)
Potions
 d - 2 potions of might
 h - a potion of curing
 j - a potion of haste
 k - 2 potions of cure mutation
 l - a potion of heal wounds {unknown}
Comestibles
 f - 2 bread rations
 i - 6 chunks of flesh


   Skills:
 * Level 3.1 Fighting
 * Level 2.8 Axes
 * Level 3.8 Armour
 * Level 1.3 Dodging
 * Level 4.1 Shields


You had 3 spell levels left.
You didn't know any spells.

Dungeon Overview and Level Annotations

Branches:
Dungeon (3/15)

Altars:
Dithmenos


Innate Abilities, Weirdness & Mutations

You are resistant to damage.
You can recharge devices by infusing magical energy.
You passively map a small area around you.
You do not regenerate naturally.


Message History

Found 14 poisoned needles.
There is a stone staircase leading up here.
Found a spear.
You now have 68 gold pieces (gained 18).
You now have 79 gold pieces (gained 11).
An iguana comes into view.
You slash the iguana!
The iguana is heavily wounded.
The iguana barely misses you.
You barely miss the iguana.
The iguana is heavily wounded.
The iguana bites you!
* * * LOW HITPOINT WARNING * * *
You barely miss the iguana.
The iguana is heavily wounded.
The iguana barely misses you. x2
You hit the iguana but do no damage.
The iguana is heavily wounded.
The iguana bites you!
You die...

....... , * ,
.......,, , +
####.....######+# **
........#..)..... *,
*
...................
, , ................
.#
............###+#.#
* ,
............##....#
,.......@#...##....+
,
.......l#....#....#
,
........#....#....#,
,........#....#.<..#
........##...#....#
*
..............(...#
.........########.#
* #####.... *+#+ * *
...,* ,


You could see an iguana.

Vanquished Creatures
  3 adders (D:2)
  2 worms (D:2)
  2 dart slugs (D:1)
  2 giant geckos
  7 bats
  5 giant cockroaches
  7 goblins
  4 hobgoblins
  A ball python (D:2)
  A giant newt (D:1)
  4 kobolds
  7 rats
45 creatures vanquished.

Notes
Turn   | Place    | Note
--------------------------------------------------------------
     0 | D:1      | Lovchig the Deep Dwarf Fighter began the quest for the Orb.
     0 | D:1      | Reached XP level 1. HP: 20/20 MP: 1/1
   210 | D:1      | Reached XP level 2. HP: 16/27 MP: 2/2
   763 | D:1      | Reached XP level 3. HP: 26/34 MP: 3/3
  1069 | D:2      | Found a shadowy altar of Dithmenos.
  1356 | D:2      | Reached skill level 1 in Dodging
  1369 | D:2      | Reached skill level 4 in Shields
  1512 | D:2      | Reached XP level 4. HP: 18/42 MP: 4/4
  1720 | D:3      | Slain by an iguana

Skill      XL: |  1  2  3 |
---------------+----------+-----
Fighting       | 3 |  3.1
Dodging        | 1 |  1.3
Shields        | 4 |  4.1
Axes           | |  2.8
Armour         | |  3.8

Action                   |  1- 3 |  4- 6 || total
-------------------------+-------+-------++-------
Melee: War axe           |   214 |    19 ||   233
Evoke: Wand              |     1 |       ||     1
  Use: Scroll            |     3 |     4 ||     7
  Eat: Chunk             |     2 |     1 ||     3
Armor: Scale mail        |    90 |     5 ||    95
Dodge: Dodged            |   104 |    12 ||   116
Block: Shield            |   129 |     8 ||   137
